 Dungeon Crawl Stone Soup version 0.29-a0-289-g2178c42546 (console) character file.

Game seed: 13607741858022184574

23 Ignak the Grave Robber (level 3, 23/25 HPs)
             Began as a Gnoll Necromancer on Mar 17, 2022.
             Quit the game on level 1 of the Dungeon.
             The game lasted 00:03:11 (1192 turns).

Ignak the Grave Robber (Gnoll Necromancer)          Turns: 1192, Time: 00:03:11

Health: 23/25      AC:  2    Str:  9    XL:     3   Next: 0%
Magic:  7/9        EV: 13    Int: 14    God:
Gold:   56         SH:  0    Dex: 12    Spells: 10/11 levels left

rFire   . . .      SeeInvis .   d - +0 spear
rCold   . . .      Faith    .   (no shield)
rNeg    . . .      Spirit   .   a - +0 robe
rPois   .          Reflect  .   (no helmet)
rElec   .          Harm     .   (no cloak)
rCorr   .          Rampage  .   (no gloves)
Will    .....                   (no boots)
Stlth   ++........              (no amulet)
HPRegen 0.08/turn               (no ring)
MPRegen 0.11/turn               (no ring)

@: studying Air Magic
A: fangs 1, strong nose, distributed training
a: no special abilities


You were on level 1 of the Dungeon.
You visited 1 branch of the dungeon, and saw 1 of its levels.

You collected 56 gold pieces.

Inventory:

Hand Weapons
 d - a +0 spear (weapon)
Armour
 a - a +0 robe (worn)
Scrolls
 c - a scroll of magic mapping {unknown}
 e - 2 scrolls of identify {unknown}
 h - a scroll of enchant armour {unknown}
Potions
 b - a potion of magic
 f - a potion of invisibility {unknown}
 g - 2 potions of curing {unknown}


   Skills:
 + Level 0.5 Fighting
 + Level 0.5 Short Blades
 + Level 0.5 Long Blades
 + Level 0.5 Axes
 + Level 0.5 Maces & Flails
 + Level 0.5 Polearms
 + Level 0.5 Staves
 + Level 0.5 Slings
 + Level 0.5 Bows
 + Level 0.5 Crossbows
 + Level 0.5 Throwing
 + Level 0.5 Armour
 + Level 4.5 Dodging
 + Level 4.1 Stealth
 + Level 0.5 Shields
 + Level 0.5 Unarmed Combat
 + Level 4.9 Spellcasting
 + Level 0.4 Conjurations
 + Level 0.4 Hexes
 + Level 0.4 Summonings
 + Level 7.0 Necromancy
 + Level 0.4 Translocations
 + Level 0.4 Transmutations
 + Level 0.4 Fire Magic
 + Level 0.4 Ice Magic
 + Level 0.4 Air Magic
 + Level 0.4 Earth Magic
 + Level 0.4 Poison Magic
 + Level 0.7 Invocations
 + Level 0.5 Evocations


You had 10 spell levels left.
You knew the following spells:

 Your Spells              Type           Power      Damage    Failure   Level
a - Pain                  Necr           92%        1d8       1%          1

Your spell library contained the following spells:

 Spells                   Type           Power      Damage    Failure   Level
 Animate Skeleton         Necr           46%        N/A       1%          1
 Vampiric Draining        Necr           23%        2d7       2%          3
 Animate Dead             Necr           11%        N/A       10%         4
 Agony                    Necr           23%        N/A       26%         5


Dungeon Overview and Level Annotations

Branches:
Dungeon (1/15)

Altars:


Innate Abilities, Weirdness & Mutations

You have very sharp teeth.
Your uncanny sense of smell can sniff out nearby items.
Your experience applies equally to all skills.


Message History

You pick up a manual of Air Magic and begin studying.
You see here 19 stones.
You see here a ball python corpse.
You see here a rat corpse.
You see here a +0 mace.
HP restored.
h - a scroll labelled CEMUUH ISANAO You now have 56 gold pieces (gained 17).
A rat comes into view.
Found a stone staircase leading down.
The rat closely misses you.
You closely miss the rat. The rat bites you.
You barely miss the rat. The rat bites you.
You closely miss the rat. The rat bites you. The rat closely misses you.
You hit the rat.
The rat is moderately wounded.
The rat closely misses you.
Casting: Pain (safe; 1% risk of failure)
Confirm with . or Enter, or press ? or * to list all spells.
Aiming: Pain (safe; 1% risk of failure)
Press: ? - help, Shift-Dir - straight line, f - rat
Aim: a rat (moderately wounded, chance to affect: 91%)
The rat writhes in agony!
You kill the rat!
A kobold comes into view. It is wielding a +0 dagger.
Casting: Pain (safe; 1% risk of failure)
Confirm with . or Enter, or press ? or * to list all spells.
Aiming: Pain (safe; 1% risk of failure)
Press: ? - help, Shift-Dir - straight line, f - kobold
Aim: a kobold, wielding a +0 dagger (asleep, chance to affect: 91%)
The kobold shouts!
The kobold writhes in agony.
You kill the kobold!
You have reached level 3!
Your experience leads to an increase in your attributes!
Increase (S)trength, (I)ntelligence, or (D)exterity?
You feel stronger. x2
Adjust (i)tems, (s)pells, or (a)bilities?
Huh?
Are you sure you want to abandon this character and quit the game? (Confirm with "yes".)

# # #.. # #######
#.. ♣ .# .....># #
#.. ♣...# #####.#
.. ..♣ ♣.♣..# #.#
#.##..♣.♣...# #.#
.....).....# #.#
#####........# #.#
.......@....#
#.##########.....#
#...............##
##############.#.#
.#∆# .# #


There were no monsters in sight!

Vanquished Creatures
  A dart slug (D:1)
  A giant cockroach (D:1)
  4 hobgoblins (D:1)
  5 kobolds (D:1)
  A quokka (D:1)
  2 ball pythons (D:1)
  4 bats (D:1)
  A goblin (D:1)
  3 rats (D:1)
22 creatures vanquished.

Notes
Turn   | Place    | Note
-------+----------+-------------------------------------------
     0 | D:1      | Ignak the Gnoll Necromancer began the quest for the Orb.
     0 | D:1      | Reached XP level 1. HP: 13/13 MP: 6/6
   438 | D:1      | Reached XP level 2. HP: 13/19 MP: 2/7
  1192 | D:1      | Reached XP level 3. HP: 23/25 MP: 7/9
  1192 | D:1      | Quit the game

Illustrated notes

Levels and vault maps discovered:
D:1:      tarquinn_simple_flora_water_d, layout_basic,
          chequers_ecumenical_altar_simple_redux,
          amcnicky_mini_corridor_feature, minmay_three_crescents

Action                   || total
-------------------------++-------
Melee: Unarmed           ||     6
       Bite              ||     3
       Spear             ||     6
 Cast: Pain              ||    30
 Stab: Sleeping          ||     1
Armor: Robe              ||     7
Dodge: Dodged            ||    15

Table legend: (Time is in decaauts)
 A = Elapsed time spent in this place.
 B = Non-inter-level travel time spent in this place.
 C = Inter-level travel time spent in this place.
 D = Time resting spent in this place.
 E = Time spent auto-exploring this place.
 F = Levels seen in this place.
 G = Mean time per level.
                   A        B        C        D        E       F      G
               +--------+--------+--------+--------+--------+-----+--------+
         Total |   1192 |   1192 |      0 |    545 |    444 |   1 | 1192.0 |
       Dungeon |   1192 |   1192 |      0 |    545 |    444 |   1 | 1192.0 |
               +--------+--------+--------+--------+--------+-----+--------+

Top non-repeatable levels by time:
     D:1: 1192 daAuts
